 Dungeon Crawl Stone Soup version 0.16.2-2-g470672f (webtiles) character file.

8879 CrazyArbalest the Quickloader (level 11, -5/89 HPs)
             Began as a Centaur Hunter on Aug 21, 2015.
             Was an Initiate of Gozag.
             Slain by a freezing wraith (7 damage)
             ... on level 9 of the Dungeon.
             The game lasted 01:52:54 (14198 turns).

CrazyArbalest the Quickloader (Centaur Hunter)     Turns: 14198, Time: 01:52:56

Health: -5/89      AC: 10    Str: 16      XL:     11   Next: 15%
Magic:  0/8        EV: 10    Int: 10      God:    Gozag
Gold:   1146       SH:  0    Dex: 10 (12) Spells: 0 memorised, 10 levels left

rFire  . . .     SeeInvis +     a - +3 flail (venom)
rCold  . . .     Clarity  .     A - +0 ring mail
rNeg   . . .     SustAb   .     (no shield)
rPois  +         Gourm    .     (no helmet)
rElec  .         Spirit   +     C - +1 cloak
rCorr  .         Warding  .     y - +0 pair of gloves
rMut   .         Stasis   .     (no barding)
MR     .....                    P - amulet of guardian spirit
Stlth  ..........               O - ring of poison resistance
                                Z - ring of see invisible

@: slowed, not resistant to hostile enchantments, extremely unstealthy
A: hooves 3, deformed body, speed 2, tough skin 3
a: Potion Petition, Call Merchant, Bribe Branch, Renounce Religion


You were on level 9 of the Dungeon.
You worshipped Gozag.
Gozag was noncommittal.
You were not hungry.

You visited 2 branches of the dungeon, and saw 10 of its levels.
You also visited: Ossuary.

You collected 1926 gold pieces.
You spent 695 gold pieces at shops.
You paid 85 gold pieces to Gozag.

Inventory:

Hand weapons
 a - a +3 flail of venom (weapon)
 b - a +1 hand crossbow
 x - a +0 arbalest
 N - the +2 quarterstaff "Gywazoph" {flame, Int+3}
   (You found it on level 6 of the Dungeon)

   It has been specially enchanted to burn those struck by it, causing extra
   injury to most foes and up to half again as much damage against particularly
   susceptible opponents.
   It affects your intelligence (+3).
 T - a +0 war axe
 X - a +0 mace of protection
 Y - a +1 halberd
Missiles
 c - 29 bolts
Armour
 y - a +0 pair of gloves (worn)
 A - a +0 ring mail (worn)
 C - a +1 cloak (worn)
Magical staves
 Q - an uncursed staff of energy
Jewellery
 d - a +3 ring of evasion
 G - an uncursed amulet of clarity {unknown}
 O - a ring of poison resistance (right hand)
 P - an amulet of guardian spirit (around neck)
 Z - a ring of see invisible (left hand)
Magical devices
 m - a wand of enslavement (0)
 R - a wand of magic darts (31)
Scrolls
 e - a scroll of amnesia {unknown}
 j - 9 scrolls of identify
 l - a scroll of immolation {unknown}
 o - a scroll of random uselessness {unknown}
 q - a scroll of teleportation
 r - 5 scrolls of noise {unknown}
 t - 5 scrolls of remove curse
 u - 2 scrolls of magic mapping {unknown}
 w - 2 scrolls of enchant weapon {unknown}
 z - 2 scrolls of fear {unknown}
 B - 2 scrolls of recharging {unknown}
 J - a scroll of brand weapon {unknown}
 S - a scroll of summoning {unknown}
Potions
 g - 4 potions of restore abilities {unknown}
 i - 6 potions of magic {unknown}
 s - 3 potions of poison {unknown}
 D - a potion of mutation {unknown}
 E - a potion of degeneration {unknown}
 F - a potion of lignification {unknown}
 I - a potion of might {unknown}
 K - 2 potions of curing
 L - 2 potions of brilliance {unknown}
 M - a potion of cancellation {unknown}
Books
 h - a book of Unlife

   Spells                             Type                      Level
   a - Recall                         Summoning/Translocation      3
   b - Animate Dead                   Necromancy                   4
   c - Control Undead                 Necromancy                   4
   d - Cigotuvi's Embrace             Necromancy                   5
   e - Death Channel                  Necromancy                   6
   f - Simulacrum                     Ice/Necromancy               6
 U - a book of Debilitation

   Spells                             Type                      Level
   a - Corona                         Hexes                        1
   b - Slow                           Hexes                        2
   c - Inner Flame                    Hexes/Fire                   3
   d - Enslavement                    Hexes                        4
   e - Cause Fear                     Hexes                        4
   f - Leda's Liquefaction            Hexes/Earth                  4
 V - a book of Frost

   Spells                             Type                      Level
   a - Freeze                         Ice                          1
   b - Throw Frost                    Conjuration/Ice              2
   c - Ozocubu's Armour               Charms/Ice                   3
   d - Throw Icicle                   Conjuration/Ice              4
   e - Summon Ice Beast               Ice/Summoning                4
   f - Condensation Shield            Ice                          4
Miscellaneous
 k - a phial of floods
Comestibles
 f - 10 bread rations
 v - 2 meat rations
 H - a royal jelly


   Skills:
 + Level 6.1 Fighting
 + Level 5.9 Maces & Flails
 * Level 12.3 Crossbows
 + Level 5.2 Armour
 + Level 6.0 Dodging
 + Level 1.0 Stealth


You had 10 spell levels left.
You didn't know any spells.

Dungeon Overview and Level Annotations

Branches:
Dungeon (9/15)             Temple (1/1) D:4
   Lair: D:8-11         Orc: D:9-12

Altars:
Ashenzari
Cheibriados
Dithmenos
Elyvilon
Fedhas
Gozag
Kikubaaqudgha
Makhleb
Nemelex Xobeh
Okawaru
Qazlal
Ru
Sif Muna
Trog
Vehumet
Xom
Yredelemnul
Zin
The Shining One

Shops:
D:5 =   D:6 =   D:9 :

Annotations:
D:2 Sigmund
D:5 Prince Ribbit
D:9 Enish's ghost, experienced MiFi


Innate Abilities, Weirdness & Mutations

You have hooves in place of feet.
Armour fits poorly on your strangely shaped body.
You cover ground very quickly.
You have extremely tough skin (AC +3).


Message History

* * * LOW HITPOINT WARNING * * *
The freezing wraith drains your vigour!
You feel yourself slow down.
* * * LOW HITPOINT WARNING * * *
Drink which item? (? for menu, Esc to quit)
You feel much better. The freezing wraith hits you.
The freezing wraith freezes you!!
* * * LOW HITPOINT WARNING * * *
The freezing wraith hits you!
* * * LOW HITPOINT WARNING * * *
The freezing wraith drains your vigour!
You feel as though you will be slow longer.
* * * LOW HITPOINT WARNING * * *
Drink which item? (? for menu, Esc to quit)
You feel much better. The freezing wraith hits you!
* * * LOW HITPOINT WARNING * * *
The freezing wraith freezes you!
* * * LOW HITPOINT WARNING * * *
The freezing wraith hits you!
You die...
Your body crumbles into a pile of gold.

#..# #.###.#.###### ###.#
#..# ##...#.#(# #..
#..###....#.#.# ###
#......_......# #
#.#.#....###W## # #.#.#...##
#T# # #.#.###.# #r# ##
#.#.....####W# #####.
#.#####....@.# #.....
#.#....>...### #.###.
#.##...###.# ##### #.# ##
#.###.## #.####...# #.# #
#.# ### #.##.....#####.####
#.# #.##.#.W...........
#.########.##.#.############
#.............#.#
##########......#


You could see a freezing wraith, a troll, Enish's ghost and a quokka.

Vanquished Creatures
  An unseen horror (D:9)
  Joseph (D:7)
  A two-headed ogre (D:9)
  6 yaks
  A deep elf mage (D:9)
  Eustachio (D:6)
  3 wyverns
  Grum (D:9)
  2 wolves (D:9)
  3 hippogriffs
  Edmund (D:7)
  An orc warrior (D:9)
  An eye of draining (D:9)
  2 ice beasts
  11 ogres
  3 black bears
  8 centaurs
  4 sky beasts
  4 phantoms
  Duvessa (D:7)
  A big kobold (D:9)
  5 giant frogs
  9 scorpions
  A killer bee (D:6)
  Dowan (D:7)
  6 crimson imps
  8 hounds
  2 goliath beetles
  A quasit (D:9)
  Crazy Yiuf (D:2)
  A giant frog zombie (D:8)
  3 orc priests
  A centaur skeleton (D:9)
  4 orc wizards
  2 iguanas (D:5)
  4 worker ants
  3 killer bee zombies
  Jessica (D:3)
  Terence (D:3)
  4 hound skeletons
  9 mummies
  5 gnolls
  3 shadow imps
  9 adders
  A giant mite (D:7)
  A worm (D:4)
  An adder zombie (D:9)
  5 giant geckos
  23 orcs
  A ball python (D:6)
  14 bats
  A bat skeleton (D:4)
  6 giant cockroaches
  2 gnoll zombies (Ossuary)
  10 goblins
  19 hobgoblins
  10 jackals
  7 quokkas
  A giant gecko skeleton (D:7)
  A giant gecko zombie (D:7)
  3 giant newts
  2 giant spores
  3 hobgoblin zombies (Ossuary)
  2 jackal skeletons
  15 kobolds
  2 kobold zombies (Ossuary)
  An orc zombie (Ossuary)
  A quokka zombie (D:7)
  9 rats
  11 ballistomycetes
293 creatures vanquished.

Vanquished Creatures (others)
  3 giant spores
  2 ballistomycetes
5 creatures vanquished.

Grand Total: 298 creatures vanquished

Notes
Turn   | Place    | Note
--------------------------------------------------------------
     0 | D:1      | CrazyArbalest, the Centaur Hunter, began the quest for the Orb.
     0 | D:1      | Reached XP level 1. HP: 17/17 MP: 1/1
   231 | D:1      | Reached XP level 2. HP: 22/24 MP: 2/2
   267 | D:1      | Reached skill level 5 in Crossbows
   397 | D:1      | Reached XP level 3. HP: 19/29 MP: 3/3
   998 | D:2      | Noticed Sigmund
  1040 | D:2      | Found a shattered altar of Ashenzari.
  1058 | D:2      | Found a basalt altar of Yredelemnul.
  1967 | D:2      | Noticed Crazy Yiuf
  2013 | D:2      | Killed Crazy Yiuf
  2013 | D:2      | Reached skill level 1 in Armour
  2013 | D:2      | Reached XP level 4. HP: 13/36 MP: 3/3
  2244 | D:3      | Noticed Terence
  2415 | D:3      | Killed Terence
  2580 | D:3      | Reached XP level 5. HP: 40/42 MP: 4/4
  2590 | D:3      | Reached skill level 6 in Crossbows
  3066 | D:3      | Noticed Jessica
  3076 | D:3      | Killed Jessica
  3410 | D:4      | Found a staircase to the Ecumenical Temple.
  3423 | Temple   | Entered the Ecumenical Temple
  3649 | Temple   | Became a worshipper of Gozag Ym Sagoz the Greedy
  3764 | D:4      | Noticed an ogre
  3770 | D:4      | Killed an ogre
  3770 | D:4      | Reached skill level 1 in Maces & Flails
  3770 | D:4      | Reached XP level 6. HP: 50/50 MP: 5/5
  4110 | D:4      | Found a glowing silver altar of Zin.
  4623 | D:5      | Entered Level 5 of the Dungeon
  4647 | D:5      | Found a shadowy altar of Dithmenos.
  4707 | D:5      | Reached skill level 7 in Crossbows
  4874 | D:5      | Reached XP level 7. HP: 54/56 MP: 5/5
  5257 | D:5      | Found Klixeus' Jewellery Shop.
  5818 | D:6      | Found Doka's Jewellery Shoppe.
  5936 | D:6      | Reached skill level 8 in Crossbows
  5982 | D:6      | Noticed Prince Ribbit
  6170 | D:6      | Noticed Eustachio
  6216 | D:6      | Killed Eustachio
  6291 | D:6      | Reached XP level 8. HP: 50/63 MP: 6/6
  6356 | D:6      | Found a sand-covered staircase.
  6367 | Ossuary  | Entered an ossuary
  6617 | Ossuary  | HP: 2/63 [mummy (12)]
  7276 | D:6      | Reached skill level 9 in Crossbows
  7643 | D:6      | Got a pitted quarterstaff
  7673 | D:6      | Noticed a yak
  8000 | D:5      | Bought an uncursed ring of poison resistance for 200 gold pieces
  8030 | D:6      | Bought an uncursed amulet of guardian spirit for 330 gold pieces
  8084 | D:6      | Noticed a yak
  8084 | D:6      | Noticed a yak
  8085 | D:6      | Noticed a yak
  8085 | D:6      | Noticed a yak
  8126 | D:6      | Killed a yak
  8165 | D:6      | Killed a yak
  8175 | D:6      | Killed a yak
  8204 | D:6      | Reached XP level 9. HP: 26/71 MP: 5/7
  8285 | D:6      | Killed a yak
  8310 | D:6      | Killed a yak
  8310 | D:6      | Reached skill level 10 in Crossbows
  8644 | D:7      | Noticed Edmund
  8856 | D:7      | Noticed Dowan
  8858 | D:7      | Noticed Duvessa
  8867 | D:7      | Killed Duvessa
  8868 | D:7      | Killed Dowan
  9389 | D:7      | Reached skill level 11 in Crossbows
  9750 | D:7      | Noticed Joseph
  9871 | D:7      | Killed Edmund
  9917 | D:7      | Identified the +2 quarterstaff "Gywazoph" {flame, Int+3} (You found it on level 6 of the Dungeon)
 10304 | D:7      | HP: 2/72 [Joseph/sling bullet (15)]
 10313 | D:7      | Killed Joseph
 10455 | D:7      | Reached XP level 10. HP: 25/80 MP: 5/7
 10842 | D:8      | Reached skill level 5 in Dodging
 10931 | D:8      | Found an ancient bone altar of Kikubaaqudgha.
 11106 | D:8      | Found a white marble altar of Elyvilon.
 11224 | D:8      | Reached skill level 5 in Fighting
 11231 | D:8      | Reached skill level 1 in Stealth
 11728 | D:9      | Found a shimmering altar of Xom.
 11808 | D:9      | Found Giqizyst's Book Boutique.
 11937 | D:9      | Noticed Grum
 11979 | D:9      | Killed Grum
 11979 | D:9      | Reached skill level 5 in Maces & Flails
 12189 | D:9      | Reached skill level 12 in Crossbows
 12543 | D:9      | Noticed Enish's ghost (experienced MiFi)
 13113 | D:6      | Bought an uncursed ring of see invisible for 165 gold pieces
 13546 | D:9      | Noticed an unseen horror
 13560 | D:9      | Killed an unseen horror
 13560 | D:9      | Reached skill level 5 in Armour
 13560 | D:9      | Reached XP level 11. HP: 58/89 MP: 6/8
 14198 | D:9      | HP: 2/89 [freezing wraith (13)]
 14198 | D:9      | Slain by a freezing wraith

Action                   |  1- 3 |  4- 6 |  7- 9 | 10-12 || total
-------------------------+-------+-------+-------+-------++-------
Melee: Whip              |   156 |   105 |       |       ||   261
       Short sword       |     6 |       |       |       ||     6
       Mace              |       |    62 |   448 |       ||   510
       Flail             |       |       |    31 |   371 ||   402
       Hand crossbow     |       |       |     1 |       ||     1
 Fire: Hand crossbow     |    16 |    52 |   186 |    41 ||   295
  Use: Potion            |     1 |       |     3 |     2 ||     6
       Scroll            |       |     3 |     6 |     2 ||    11
 Stab: Distracted        |       |       |     1 |       ||     1
  Eat: Chunk             |     3 |     4 |       |       ||     7
       Fruit             |       |     3 |       |       ||     3
       Beef jerky        |       |       |     2 |     1 ||     3
       Meat ration       |       |       |     3 |     1 ||     4
       Pizza             |       |       |       |     1 ||     1
